 Dungeon Crawl Stone Soup version 0.30-a0-913-g9934a0ce24 (webtiles) character file.

Game seed: 9326997315237409161

277 selver the Skirmisher (level 6, -17/75 HPs)
             Began as a Minotaur Hunter on Mar 20, 2023.
             Demolished by a goblin
             ... wielding a +2 dagger of electrocution
             ... led by Robin
              (20 damage)
             ... on level 3 of the Dungeon.
             The game lasted 00:03:51 (1566 turns).

selver the Skirmisher (Minotaur Hunter)             Turns: 1566, Time: 00:03:51

Health: -17/75     AC: 23    Str: 16    XL:     6   Next: 4%
Magic:  5/5        EV:  2    Int:  6    God:
Gold:   124        SH:  0    Dex: 15    Spells: 5/5 levels left

rFire   . . .      SeeInvis +    a - +0 shortbow
rCold   . . .      Faith    .    (shield currently unavailable)
rNeg    . . .      Spirit   .    d - melded +0 scale mail {rPois}
rPois   +          Reflect  .    (helmet currently unavailable)
rElec   .          Rampage  .    k - melded scarf {+Inv}
rCorr   .          NoTele   +    (gloves currently unavailable)
Will    .....                    (boots currently unavailable)
Stlth   ++                       g - amulet of the acrobat
HPRegen 0.32/turn                o - ring of see invisible
MPRegen 0.09/turn                (no ring)

@: tree-form
A: stationary, stasis, torment immunity, boosted hp, (horns 2), (retaliatory
headbutt)
a: no special abilities


You were on level 3 of the Dungeon.
You were a tree.
You visited 1 branch of the dungeon, and saw 3 of its levels.

You collected 124 gold pieces.

Inventory:

Hand Weapons
 a - a +0 shortbow (weapon)
Armour
 d - a +0 scale mail of poison resistance (melded)
 k - a scarf of invisibility (melded)
Jewellery
 g - an amulet of the acrobat (around neck)
 j - an amulet of guardian spirit
 o - a ring of see invisible (left branch)
Scrolls
 b - a scroll of immolation
 e - a scroll of noise {unknown}
 h - a scroll of fear {unknown}
 i - a scroll of brand weapon {unknown}
 n - a scroll of amnesia {unknown}
Potions
 c - a potion of might {unknown}
 f - a potion of ambrosia
 m - a potion of attraction


   Skills:
 - Level 2.4 Fighting
 + Level 8.1 Ranged Weapons
 - Level 2.1 Dodging
 - Level 0.7 Stealth


You had 5 spell levels left.
You didn't know any spells.
Your spell library contained the following spells:

 Spells                   Type           Power      Damage    Failure   Level
 Cigotuvi's Dreadful Rot  Necr/Pois/Air  0%         N/A       58%         2
 Ignite Poison            Fire/Tmut/Pois 0%         N/A       83%         3
 Kindle Blastsparks       Fire/Tloc/Air  0%         2d10      83%         3
 Dispel Undead            Necr           0%         3d6       99%         4
 Freezing Cloud           Conj/Ice/Air   0%         6-21      100%        5
 Death Channel            Necr           0%         N/A       100%        6


Dungeon Overview and Level Annotations

Branches:
Dungeon (3/15)

Altars:

Annotations:
D:3 Robin


Innate Abilities, Weirdness & Mutations

You are a tree.
Your roots penetrate the ground, keeping you stationary.
You cannot be teleported.
You are immune to unholy pain and torment.
Your maximum health is greatly increased.
Your equipment is partially melded.
((You have a pair of horns on your head.))
((You reflexively headbutt those who attack you in melee.))


Message History

The goblin closely misses you. You furiously retaliate!
You headbutt the goblin, but do no damage.
Really read the scroll of immolation?
Okay, then.
Really quaff the potion of lignification?
You turn into a tree.
Your scarf of invisibility melds into your body.
Your +0 scale mail of poison resistance melds into your body.
You no longer feel resistant to poison.
Your roots penetrate the ground.
Robin hits you but does no damage.
The goblin hits you but does no damage. x2
The goblin hits you with a +0 dagger.
You are too injured to fight recklessly!
Fire: a) +0 shortbow
Press: ? - help, Q - select action Shift-Dir - straight line, f/p - goblin
Aim: a goblin, wielding a +0 club (strong, 58% to hit)
You shoot an arrow. The arrow hits the goblin.
The goblin is almost dead.
Robin throws the goblin at you! The goblin hits you but does no damage.
You are electrocuted!!
* * * LOW HITPOINT WARNING * * *
The goblin hits you but does no damage. The goblin hits you with a +0 club.
* * * LOW HITPOINT WARNING * * *
The goblin hits you but does no damage.
Fire: a) +0 shortbow
Press: ? - help, Q - select action Shift-Dir - straight line, f/p - goblin
Aim: a goblin, wielding a +0 club (almost dead, strong, 58% to hit)
You shoot an arrow. The arrow hits the goblin.
You kill the goblin!
The goblin hits you with a +0 club.
* * * LOW HITPOINT WARNING * * *
Robin throws the goblin at you!
The goblin hits you but does no damage. x2
Fire: a) +0 shortbow
Press: ? - help, Q - select action Shift-Dir - straight line, f - goblin
Aim: a goblin, wielding a +0 dagger (strong, 58% to hit)
You shoot an arrow. The arrow hits the goblin!
You kill the goblin!
The goblin no longer looks unusually strong.
Robin hits you but does no damage. The goblin hits you but does no damage.
You are electrocuted!!
You die...

.).. .). #). #.# #.. #.#
#.# #.# #g# ######.# #)# .#
# #...##.###♣## ..##.#
#...##.#.gg)# ....
#...##'#....###.# ..
#...............# ..
#...............# .#
#...........)...##.#
#.........).....##.#.##
#..[.....).^.....#.#..####
######.............##....##


You could see Robin and 2 goblins.

Vanquished Creatures
  Sigmund (D:2)
  An orc wizard (D:3)
  2 adders (D:2)
  A dart slug (D:1)
  2 orcs (D:3)
  4 ball pythons
  3 bats
  3 endoplasms
  A giant cockroach (D:1)
  13 goblins
  7 hobgoblins
  10 jackals
  6 kobolds
  A quokka (D:3)
  4 frilled lizards
  3 rats
62 creatures vanquished.

Notes
Turn   | Place    | Note
-------+----------+-------------------------------------------
     0 | D:1      | selver the Minotaur Hunter began the quest for the Orb.
     0 | D:1      | Reached XP level 1. HP: 18/18 MP: 0/0
   185 | D:1      | Found a faded altar of an unknown god.
   198 | D:1      | Reached XP level 2. HP: 25/25 MP: 1/1
   202 | D:1      | Reached skill level 5 in Ranged Weapons
   643 | D:2      | Reached XP level 3. HP: 28/30 MP: 2/2
   681 | D:2      | Noticed Sigmund
   703 | D:2      | Killed Sigmund
   704 | D:2      | Reached skill level 7 in Ranged Weapons
   704 | D:2      | Reached XP level 4. HP: 7/37 MP: 3/3
   704 | D:2      | Reached XP level 5. HP: 9/42 MP: 4/4
  1483 | D:3      | Reached skill level 8 in Ranged Weapons
  1552 | D:3      | Reached XP level 6. HP: 50/50 MP: 5/5
  1556 | D:3      | Noticed Robin
  1565 | D:3      | HP: 3/75 [goblin/+0 club[Robin] (2)]
  1566 | D:3      | Demolished by a goblin

Illustrated notes

Levels and vault maps discovered:
D:1:      minmay_arrival_stone_box, layout_basic, ebering_ecumenical_altar_hall,
          serial_bayou_ford_a, minmay_pentomino_s2
D:2:      layout_loops_ring, uniq_sigmund
D:3:      layout_basic, kennysheep_generic_room_15, uniq_robin

Skill      XL: |  1  2  3  4  5 |
---------------+----------------+-----
Ranged Weapons | 5 7 8 |  8.1
Fighting       | |  2.4
Dodging        | |  2.1
Stealth        | |  0.7

Action                     |  1- 3 |  4- 6 || total
---------------------------+-------+-------++-------
   Fire: Shortbow          |    72 |    94 ||   166
    Use: Potion            |     1 |     1 ||     2
         Scroll            |       |     2 ||     2
 Armour: Scale mail        |    20 |    23 ||    43
         Skin              |       |    11 ||    11
  Dodge: Dodged            |    16 |    29 ||    45

Table legend: (Time is in decaauts)
 A = Elapsed time spent in this place.
 B = Non-inter-level travel time spent in this place.
 C = Inter-level travel time spent in this place.
 D = Time resting spent in this place.
 E = Time spent auto-exploring this place.
 F = Levels seen in this place.
 G = Mean time per level.
                   A        B        C        D        E       F      G
               +--------+--------+--------+--------+--------+-----+--------+
         Total |   1643 |   1601 |     42 |    151 |   1086 |   3 |  547.7 |
       Dungeon |   1643 |   1601 |     42 |    151 |   1086 |   3 |  547.7 |
               +--------+--------+--------+--------+--------+-----+--------+

Top non-repeatable levels by time:
     D:2: 838 daAuts
     D:1: 630 daAuts
     D:3: 174 daAuts
